 Dungeon Crawl Stone Soup version 0.28-a0-657-g71136c5590 (webtiles) character file.

Game seed: 18147895665117477902

29 lawman0 the Covert (level 3, 0/35 HPs)
             Began as a Gnoll Delver on Oct 13, 2021.
             Slain by a water moccasin (4 damage)
             ... on level 5 of the Dungeon.
             The game lasted 00:00:29 (50 turns).

lawman0 the Covert (Gnoll Delver)                     Turns: 50, Time: 00:00:29

Health: 0/35       AC:  3    Str: 11    XL:     3   Next: 16%
Magic:  3/3        EV: 13    Int: 10    God:
Gold:   0          SH:  0    Dex: 13    Spells: 3/3 levels left

rFire   + . .      SeeInvis .   a - +0 falchion
rCold   + . .      Faith    .   (no shield)
rNeg    . . .      Spirit   .   b - +0 leather armour
rPois   +          Reflect  .   (no helmet)
rElec   +          Harm     .   (no cloak)
rCorr   +          Rampage  .   (no gloves)
Will    .....                   (no boots)
Stlth   ++++......              (no amulet)
HPRegen 0.11/turn               (no ring)
MPRegen 0.08/turn               (no ring)

@: mighty, resistant, hasted, very quick
A: fangs 1, strong nose, distributed training
a: no special abilities


You were on level 5 of the Dungeon.
You visited 1 branch of the dungeon, and saw 1 of its levels.

Inventory:

Hand Weapons
 a - a +0 falchion (weapon)
Armour
 b - a +0 leather armour (worn)
Wands
 g - a wand of digging (3)
Scrolls
 c - a scroll of fog
 e - a scroll of fear


   Skills:
 + Level 6.5 Fighting
 + Level 0.6 Short Blades
 + Level 4.5 Long Blades
 + Level 0.6 Axes
 + Level 0.6 Maces & Flails
 + Level 0.6 Polearms
 + Level 0.6 Staves
 + Level 0.6 Slings
 + Level 0.6 Bows
 + Level 0.6 Crossbows
 + Level 0.6 Throwing
 + Level 0.6 Armour
 + Level 4.5 Dodging
 + Level 9.5 Stealth
 + Level 0.6 Shields
 + Level 0.6 Unarmed Combat
 + Level 0.6 Spellcasting
 + Level 0.4 Conjurations
 + Level 0.4 Hexes
 + Level 0.4 Summonings
 + Level 0.4 Necromancy
 + Level 0.4 Translocations
 + Level 0.4 Transmutations
 + Level 0.4 Fire Magic
 + Level 0.4 Ice Magic
 + Level 0.4 Air Magic
 + Level 0.4 Earth Magic
 + Level 0.4 Poison Magic
 + Level 0.8 Invocations
 + Level 0.6 Evocations


You had 3 spell levels left.
You didn't know any spells.
Your spell library was empty.

Dungeon Overview and Level Annotations

Branches:
Dungeon (5/15)
 Temple: D:4-7

Altars:


Innate Abilities, Weirdness & Mutations

You have very sharp teeth.
Your uncanny sense of smell can sniff out nearby items.
Your experience applies equally to all skills.


Message History

The orc shouts!
Your bite misses the water moccasin.
The water moccasin is lightly wounded.
You hear a shout! x5
The water moccasin bites you.
An orc comes into view. It is wielding a +0 war axe.
You hear a shout!
You hit the water moccasin.
The water moccasin is moderately wounded.
The water moccasin barely misses you.
Unknown command.
You barely miss the water moccasin. Your bite misses the water moccasin.
The water moccasin is moderately wounded.
The water moccasin bites you. The orc hits you with a +0 hand axe.
You closely miss the water moccasin.
The water moccasin is moderately wounded.
The water moccasin bites you.
Unknown command.
You hit the water moccasin.
The water moccasin is heavily wounded.
The water moccasin closely misses you. The orc misses you.
Unknown command.
It was a potion of might.
You feel very mighty all of a sudden. The water moccasin bites you.
You miss the water moccasin.
The water moccasin is heavily wounded.
The water moccasin bites you but does no damage.
An orc wizard comes into view. It is wielding a +0 dagger.
The orc wizard shouts!
You hit the water moccasin. Your bite misses the water moccasin.
The water moccasin is heavily wounded.
You hear a shout!
The water moccasin bites you!
* * * LOW HITPOINT WARNING * * *
You hear a shout!
It was a potion of resistance.
You feel protected. The water moccasin bites you.
You die...

,≈≈≈***,,,,,.......>.............
≈≈≈≈≈**,***#*###......#...####...
≈≈,≈≈_*** ##.##....##........,,,#
≈≈≈≈≈** #..#..#.#####....##*,**
,≈≈≈** **#.......# #....#*,,*
***** *,..#....[#***###+##*,**
*****,**#...[.#*,,,*≈≈≈**,*
*,<,,,* #.....#*∆,,+≈≈≈+,,***
*,***** #..S@##*,,,*≈≈≈*,,,,,
****,* #..oo#**,*,**+**,,,,,
**,,,,* ***#...o.,,,*,,*,,,,,,,,
*,,**** **,....!.#.,,,,,,,,,,,,,,
,,** **..........#**,,,,,,,,,,,
,** *,.......##*#,,,,,,,,,,,,, **
*,.......,,,,,***,,,,,,,,, *
***,.......,,,,** *,,*,*****
******,,,,,,,,*,,,,,* *,,*,*


You could see a water moccasin, an orc wizard and 2 orcs.

Vanquished Creatures
  A hound (D:5)
1 creature vanquished.

Notes
Turn   | Place    | Note
-------+----------+-------------------------------------------
     0 | D:5      | Reached skill level 9 in Stealth
     0 | D:5      | lawman0 the Gnoll Delver began the quest for the Orb.
     0 | D:5      | Reached XP level 1. HP: 23/23 MP: 1/1
    13 | D:5      | Noticed a hound
    26 | D:5      | Killed a hound
    27 | D:5      | Reached XP level 2. HP: 20/29 MP: 2/2
    27 | D:5      | Reached XP level 3. HP: 24/35 MP: 3/3
    32 | D:5      | Noticed a water moccasin
    50 | D:5      | Slain by a water moccasin

Illustrated notes

Levels and vault maps discovered:
D:5:      layout_rooms, marbit_many_paths, zin_academy, kennysheep_slug_shrine,
          gup_sewer_entry_glass, minmay_liquid_box, uniq_prince_ribbit1

Skill      XL: | |
---------------+-+-----
Stealth        | |  9.5
Fighting       | |  6.5
Short Blades   | |  0.6
Long Blades    | |  4.5
Axes           | |  0.6
Maces & Flails | |  0.6
Polearms       | |  0.6
Staves         | |  0.6
Slings         | |  0.6
Bows           | |  0.6
Crossbows      | |  0.6
Throwing       | |  0.6
Armour         | |  0.6
Dodging        | |  4.5
Shields        | |  0.6
Unarmed Combat | |  0.6
Spellcasting   | |  0.6
Conjurations   | |  0.4
Hexes          | |  0.4
Summonings     | |  0.4
Necromancy     | |  0.4
Translocations | |  0.4
Transmutations | |  0.4
Fire Magic     | |  0.4
Ice Magic      | |  0.4
Air Magic      | |  0.4
Earth Magic    | |  0.4
Poison Magic   | |  0.4
Invocations    | |  0.8
Evocations     | |  0.6

Action                   || total
-------------------------++-------
Melee: Falchion          ||    14
  Use: Scroll            ||     1
       Potion            ||     3
Armor: Leather armour    ||     2
Dodge: Dodged            ||     9

Table legend: (Time is in decaauts)
 A = Elapsed time spent in this place.
 B = Non-inter-level travel time spent in this place.
 C = Inter-level travel time spent in this place.
 D = Time resting spent in this place.
 E = Time spent auto-exploring this place.
 F = Levels seen in this place.
 G = Mean time per level.
                   A        B        C        D        E       F      G
               +--------+--------+--------+--------+--------+-----+--------+
         Total |     48 |     48 |      0 |      0 |      0 |   1 |   48.0 |
       Dungeon |     48 |     48 |      0 |      0 |      0 |   1 |   48.0 |
               +--------+--------+--------+--------+--------+-----+--------+

Top non-repeatable levels by time:
     D:5: 48 daAuts
